 Dungeon Crawl Stone Soup version 0.20.0-4-g10b340a (webtiles) character file.

6937 Esekla the Slicer (level 11, -20/81 HPs)
             Began as a Formicid Conjurer on May 27, 2017.
             Was a Follower of Uskayaw.
             Demolished by Rupert
             ... wielding a +3 great mace of protection
              (27 damage)
             ... on level 12 of the Dungeon.
             The game lasted 02:36:39 (11489 turns).

Esekla the Slicer (Formicid Conjurer)              Turns: 11489, Time: 02:36:39

Health: -20/81     AC:  9    Str: 14    XL:     11   Next: 27%
Magic:  0/20       EV: 12    Int: 17    God:    Uskayaw [*.....]
Gold:   691        SH:  0    Dex: 11    Spells: 1/22 levels left

rFire    . . .     SeeInvis +   v - +3 dagger (venom)
rCold    . . .     Gourm    .   (no shield)
rNeg     . . .     Faith    .   i - +1 troll leather armour {Purgy}
rPois    .         Spirit   +   (helmet unavailable)
rElec    .         Reflect  .   (no cloak)
rCorr    .         Harm     .   M - +0 pair of gloves
MR       +....                  B - +1 pair of boots
Stlth    +++.......             H - amulet of guardian spirit
Regen    0.7/turn               G - ring of wizardry
MPRegen  0.2/turn               (no ring)

@: no status effects
A: permanent stasis, dig shafts and tunnels, four strong arms, antennae 3
a: Dig, Shaft Self, Stomp, Renounce Religion


You were on level 12 of the Dungeon.
You worshipped Uskayaw.
Uskayaw was noncommittal.
You were not hungry.

You visited 1 branch of the dungeon, and saw 15 of its levels.
You also visited: Sewer.

You collected 691 gold pieces.

Inventory:

Hand Weapons
 m - a +0 hunting sling
 o - a +0 halberd
 v - a +3 dagger of venom (weapon)
 L - a +0 rapier of speed
 O - a +0 dagger of freezing
 P - a +1 scimitar of holy wrath
Missiles
 n - 347 stones
 p - 77 sling bullets
 C - 3 tomahawks (quivered)
Armour
 i - a +1 troll leather armour (worn) {Purgy}
 x - a +1 leather armour of fire resistance
 y - a +2 leather armour of poison resistance
 B - a +1 pair of boots (worn)
 M - a +0 pair of gloves (worn)
Jewellery
 G - a ring of wizardry (left hand)
 H - an amulet of guardian spirit (around neck)
Wands
 g - a wand of random effects (26/48)
 A - a wand of polymorph (10/24)
 D - a wand of random effects (30/48)
 F - a wand of paralysis (21/24)
 K - a wand of lightning (7/15)
 N - a wand of flame (28/48)
Scrolls
 c - a scroll of vulnerability
 e - 4 scrolls of identify
 j - 4 scrolls of amnesia
 l - a scroll of immolation
 q - a scroll of fear
 r - 4 scrolls of recharging
 t - 4 scrolls of remove curse
 w - 2 scrolls of enchant weapon
 E - a scroll of magic mapping
Potions
 a - 3 potions of heal wounds
 d - 10 potions of curing
 f - 4 potions of mutation
 h - a potion of cancellation
 k - 2 potions of agility
 s - 2 potions of flight
 J - a potion of lignification {unknown}
Books
 b - a book of Conjurations

   Spells                             Type                      Level
   a - Magic Dart                     Conjuration                  1
   b - Searing Ray                    Conjuration                  2
   c - Dazzling Spray                 Conjuration/Hexes            3
   d - Fulminant Prism                Conjuration/Hexes            4
   e - Force Lance                    Conjuration/Translocation    4
   f - Iskenderun's Mystic Blast      Conjuration                  4
 z - a book of Misfortune

   Spells                             Type                      Level
   a - Confusing Touch                Hexes                        1
   b - Confuse                        Hexes                        3
   c - Gell's Gravitas                Translocation                3
   d - Petrify                        Transmutation/Earth          4
   e - Metabolic Englaciation         Hexes/Ice                    5
   f - Yara's Violent Unravelling     Hexes/Transmutation          5
Comestibles
 u - 6 bread rations
 I - 3 meat rations
 Q - 4 fruits


   Skills:
 - Level 6.0 Fighting
 * Level 9.6 Short Blades
 - Level 6.1 Armour
 - Level 2.0 Dodging
 - Level 6.0 Stealth
 + Level 6.3 Spellcasting
 + Level 6.4 Conjurations
 + Level 5.6 Hexes
 * Level 1.8 Translocations


You had one spell level left.
You knew the following spells:

 Your Spells              Type           Power        Failure   Level  Hunger
a - Fulminant Prism       Conj/Hex       ####......   4%          4    ####...
b - Searing Ray           Conj           ####..       1%          2    None
c - Dazzling Spray        Conj/Hex       ####..       1%          3    ##.....
d - Iskenderun's Mystic   Conj           ####....     4%          4    ####...
e - Confuse               Hex            ###.....     1%          3    ##.....
f - Magic Dart            Conj           ####         1%          1    None
g - Force Lance           Conj/Tloc      ###.....     11%         4    ####...


Dungeon Overview and Level Annotations

Branches:
Dungeon (15/15)            Temple (0/1) D:4
   Lair: D:8-11         Orc: D:9-12      Vaults: D:13-14     Depths: D:15

Altars:
Fedhas
Gozag
Hepliaklqana
Nemelex Xobeh
Okawaru
Ru
Trog
Uskayaw

Annotations:
D:10 Joseph, Josephine
D:12 Rupert; laceratedsky's ghost, journeyman MiBe


Innate Abilities, Weirdness & Mutations

You cannot be hasted, slowed, berserked, paralysed or teleported.
You can dig through walls and to a lower floor.
Your four strong arms can wield two-handed weapons with a shield.
You have a pair of large antennae on your head. (SInv)


Message History

Level annotation: laceratedsky's ghost, journeyman MiBe Laceratedsky's ghost hits you!!
Laceratedsky's ghost burns you!
There is a stone staircase leading down, spattered with blood here.
Laceratedsky's ghost hits you but does no damage.
Rupert roars madly and goes into a rage!
Rupert goes berserk!
Casting: Dazzling Spray
Confirm with . or Enter, or press ? or * to list all spells.
Aiming: Force Lance
Press: ? - help, Shift-Dir - straight line, f - Rupert
Aim: Rupert, wielding a great mace of protection and wearing a scale mail (berserk, fast, unusually strong)
The lance of force misses Rupert.
The lance of force hits laceratedsky's ghost.
Rupert closely misses you. Rupert barely misses you.
Items here: ))) [[[ Rupert hits you with a great mace of protection!!!
* * * LOW HITPOINT WARNING * * *
Rupert hits you with a great mace of protection!!
You die...

##...# #
###.# # #.#
# #.# # #.#
# #.# ## #.#
###. #.###
##... #@@.##
#..## ###..#
#.## ##W#
#.# #[## #.#
#[.# #.#
##.# ##.#
########.###
#.W#
...........#
##.####
....(......#
#......


You could see Rupert (berserk) and laceratedsky's ghost.

Vanquished Creatures
  A two-headed ogre (D:8)
  Pikel (D:4)
  A troll (D:13)
  2 wyverns
  5 yaks (D:14)
  4 humans
  A hungry ghost (D:9)
  Menkaure (D:4)
  Edmund (D:4)
  Purgy (D:4)
  5 orc warriors
  3 sky beasts
  A slave (D:4)
  A phantom (D:8)
  3 ogres
  5 centaurs
  2 big kobolds
  6 bullfrogs
  4 scorpions
  A howler monkey (D:7)
  2 crimson imps
  4 jellies
  3 hounds
  5 orc priests
  10 orc wizards
  A gnoll shaman (D:7)
  Natasha (twice) (D:2 D:1)
  9 worker ants
  A worker ant zombie (D:8)
  11 gnolls
  13 adders
  A river rat (Sewer)
  2 shadow imps
  3 oozes
  2 worms
  9 leopard geckos
  35 orcs
  9 giant cockroaches
  12 hobgoblins
  14 jackals
  16 kobolds
  6 quokkas
  2 ball pythons (D:4)
  7 bats
  4 frilled lizards
  12 goblins
  A jackal zombie (D:8)
  A leopard gecko zombie (D:6)
  12 rats
258 creatures vanquished.

Vanquished Creatures (others)
  A slave (D:4)
  An orc wizard (D:3)
2 creatures vanquished.

Grand Total: 260 creatures vanquished

Notes
Turn   | Place    | Note
-------+----------+-------------------------------------------
     0 | D:1      | Esekla the Formicid Conjurer began the quest for the Orb.
     0 | D:1      | Reached XP level 1. HP: 13/13 MP: 3/3
   190 | D:1      | Reached XP level 2. HP: 16/20 MP: 1/5
   613 | D:1      | Reached XP level 3. HP: 25/25 MP: 4/6
   770 | D:1      | Reached skill level 1 in Fighting
   799 | D:1      | Learned a level 2 spell: Searing Ray
   803 | D:1      | Learned a level 3 spell: Dazzling Spray
  1042 | D:2      | Reached skill level 1 in Hexes
  1261 | D:2      | Reached skill level 1 in Short Blades
  1261 | D:2      | Reached XP level 4. HP: 14/32 MP: 4/7
  1673 | D:2      | Noticed Natasha
  1685 | D:2      | Killed Natasha
  1685 | D:2      | Reached XP level 5. HP: 36/37 MP: 3/8
  1725 | D:2      | Noticed Natasha
  2063 | D:1      | Killed Natasha
  2063 | D:1      | Reached skill level 2 in Short Blades
  2564 | D:3      | Reached XP level 6. HP: 22/43 MP: 3/10
  2944 | D:3      | Found a bloodstained altar of Trog.
  2980 | D:3      | Found a glowing drain.
  3000 | Sewer    | Entered a sewer
  3147 | Sewer    | Reached XP level 7. HP: 19/48 MP: 2/11
  3400 | Sewer    | Found a white marble altar of Elyvilon.
  3520 | D:3      | Learned a level 4 spell: Iskenderun's Mystic Blast
  3666 | D:2      | Reached skill level 1 in Armour
  3803 | D:2      | Reached skill level 3 in Short Blades
  4147 | D:4      | Noticed Pikel
  4194 | D:4      | Noticed Menkaure
  4199 | D:4      | Killed Menkaure
  4493 | D:4      | Found a hazy altar of Hepliaklqana.
  4493 | D:4      | Found a sparkling altar of Nemelex Xobeh.
  4493 | D:4      | Noticed Edmund
  4508 | D:4      | Killed Edmund
  4585 | D:4      | Killed Pikel
  4585 | D:4      | Reached skill level 5 in Stealth
  4585 | D:4      | Reached XP level 8. HP: 29/56 MP: 5/14
  4602 | D:4      | Found a blossoming altar of Fedhas.
  4683 | D:4      | Learned a level 3 spell: Confuse
  4712 | D:4      | Noticed Purgy
  4730 | D:4      | Killed Purgy
  4730 | D:4      | Reached skill level 4 in Short Blades
  4730 | D:4      | Reached skill level 5 in Armour
  4730 | D:4      | Reached skill level 5 in Conjurations
  4877 | D:5      | Entered Level 5 of the Dungeon
  5250 | D:6      | Reached XP level 9. HP: 33/62 MP: 9/15
  5368 | D:6      | You fall through a shaft for 2 floors!
  6077 | D:7      | Reached skill level 5 in Short Blades
  6165 | D:7      | Found a hide-covered altar of Uskayaw.
  6168 | D:7      | Noticed a hand axe
  6169 | D:7      | Noticed a hand axe
  6183 | D:7      | Became a worshipper of Uskayaw the Reveler
  6199 | D:7      | Reached * piety under Uskayaw
  6648 | D:7      | Reached ** piety under Uskayaw
  7242 | D:6      | Reached skill level 5 in Spellcasting
  7243 | D:6      | Reached *** piety under Uskayaw
  7246 | D:6      | Reached skill level 6 in Short Blades
  7534 | D:4      | Found a staircase to the Ecumenical Temple.
  7762 | D:5      | Reached XP level 10. HP: 43/71 MP: 6/17
  7769 | D:5      | Learned a level 4 spell: Fulminant Prism
  8235 | D:6      | Reached skill level 5 in Hexes
  8389 | D:6      | Reached skill level 7 in Short Blades
  8891 | D:8      | Reached skill level 5 in Fighting
  8996 | D:8      | Found a sacrificial altar of Ru.
  9483 | D:9      | Found an iron altar of Okawaru.
  9638 | D:9      | Learned a level 1 spell: Magic Dart
 10008 | D:8      | Noticed a two-headed ogre
 10015 | D:8      | Killed a two-headed ogre
 10015 | D:8      | Reached skill level 8 in Short Blades
 10111 | D:8      | Learned a level 4 spell: Force Lance
 10181 | D:8      | Reached XP level 11. HP: 72/81 MP: 12/20
 10386 | D:10     | Entered Level 10 of the Dungeon
 10515 | D:11     | Noticed a four-headed hydra
 10607 | D:10     | Noticed Joseph
 10613 | D:10     | Noticed Josephine
 10627 | D:11     | Noticed an eight-headed hydra
 10629 | D:11     | Found an opulent altar of Gozag.
 10646 | D:11     | You fall through a shaft for 3 floors!
 10716 | D:14     | Noticed Rupert
 10728 | D:13     | You fall through a shaft for 2 floors!
 10728 | D:15     | Entered Level 15 of the Dungeon
 10905 | D:14     | Reached skill level 1 in Translocations
 10917 | D:14     | Reached skill level 9 in Short Blades
 11328 | D:12     | Reached **** piety under Uskayaw
 11447 | D:12     | Noticed laceratedsky's ghost (journeyman MiBe)
 11489 | D:12     | Demolished by Rupert

Skill      XL: |  1  2  3  4  5  6  7  8  9 10 11 |
---------------+----------------------------------+-----
Conjurations   | 4 5 6 |  6.4
Fighting       | 1 2 4 6 |  6.0
Hexes          | 1 2 3 4 5 |  5.6
Short Blades   | 1 2 3 4 6 8 9 |  9.6
Dodging        | 2 |  2.0
Stealth        | 3 4 5 6 |  6.0
Spellcasting   | 3 4 5 6 |  6.3
Armour         | 4 5 6 |  6.1
Translocations | 1 |  1.8

Action                   |  1- 3 |  4- 6 |  7- 9 | 10-12 || total
-------------------------+-------+-------+-------+-------++-------
Melee: Club              |    31 |       |       |       ||    31
       Short sword       |    47 |       |       |       ||    47
       Dagger            |     1 |   104 |   259 |   326 ||   690
       Unarmed           |       |       |    18 |       ||    18
Throw: Stone             |       |    15 |    19 |    22 ||    56
       Tomahawk          |       |       |       |     5 ||     5
 Cast: Magic Dart        |    31 |    18 |    28 |       ||    77
       Searing Ray       |     3 |    16 |    24 |     8 ||    51
       Dazzling Spray    |       |     1 |    11 |    12 ||    24
       Confuse           |       |       |     3 |       ||     3
       Iskenderun's Myst |       |       |       |     4 ||     4
       Force Lance       |       |       |       |     1 ||     1
Invok: Line Pass         |       |       |       |     5 ||     5
 Abil: Shaft Self        |       |       |     1 |     2 ||     3
  Use: Scroll            |       |       |    21 |     2 ||    23
       Potion            |       |       |     1 |       ||     1
 Stab: Sleeping          |     7 |     4 |     7 |    12 ||    30
       Distracted        |       |     2 |       |     1 ||     3
       Invisible         |       |     1 |     5 |     3 ||     9
       Confused          |       |       |       |     3 ||     3
       Paralysed         |       |       |       |     1 ||     1
  Eat: Royal jelly       |     1 |     1 |     2 |     2 ||     6
       Bread ration      |       |     1 |     1 |     1 ||     3
       Fruit             |       |       |     5 |       ||     5
       Meat ration       |       |       |     1 |     3 ||     4
Armor: Robe              |    15 |    13 |       |       ||    28
       Leather armour    |       |    13 |   102 |       ||   115
       Skin              |       |       |     4 |       ||     4
       Troll leather arm |       |       |     6 |    88 ||    94
Dodge: Dodged            |    58 |    73 |   199 |   148 ||   478
Block: Shield            |       |       |     3 |       ||     3
